 Dungeon Crawl Stone Soup version 0.22-a0-268-g1cc83ef (webtiles) character file.

2660 nikopol the Thaumaturge (level 9, 0/46 HPs)
             Began as a Deep Elf Fire Elementalist on Mar 9, 2018.
             Killed from afar by nikopol's ghost (5 damage)
             ... with a puff of flame
             ... on level 6 of the Dungeon.
             The game lasted 00:27:41 (6455 turns).

nikopol the Thaumaturge (DEFE)                      Turns: 6455, Time: 00:27:42

Health: 0/46       AC:  4    Str:  5    XL:     9   Next: 36%
Magic:  6/25       EV: 14    Int: 24    God:
Gold:   224        SH:  0    Dex: 15    Spells: 13/28 levels left

rFire    + . .     SeeInvis .   o - +0 dagger (speed)
rCold    . . .     Gourm    .   (no shield)
rNeg     . . .     Faith    .   a - +0 robe
rPois    .         Spirit   .   z - +0 helmet
rElec    .         Reflect  .   (no cloak)
rCorr    .         Harm     .   k - +0 pair of gloves
MR       .....                  (no boots)
Stlth    +++.......             (no amulet)
HPRegen  0.15/turn              e - ring of fire
MPRegen  0.19/turn              n - ring of protection from cold

@: lethally poisoned (0 -> -38), very slightly contaminated
A: no striking features
a: no special abilities


You were on level 6 of the Dungeon.
You were near starving.

You visited 1 branch of the dungeon, and saw 6 of its levels.
You also visited: Sewer.

You collected 224 gold pieces.

Inventory:

Hand Weapons
 o - a +0 dagger of speed (weapon)
Armour
 a - a +0 robe (worn)
 k - a +0 pair of gloves (worn)
 z - a +0 helmet (worn)
Jewellery
 e - a ring of fire (left hand)
 n - a ring of protection from cold (right hand)
 s - an uncursed ring of flight
Wands
 q - a wand of flame (30)
 D - a wand of digging (16)
 E - a wand of paralysis (15)
Scrolls
 d - 3 scrolls of magic mapping
 f - 4 scrolls of teleportation {unknown}
 g - a scroll of immolation {unknown}
 i - 7 scrolls of identify {unknown}
 j - a scroll of fear {unknown}
 l - 4 scrolls of remove curse {unknown}
 p - a scroll of enchant armour {unknown}
 u - a scroll of random uselessness {unknown}
 y - a scroll of blinking {unknown}
 A - a scroll of summoning {unknown}
 B - a scroll of noise {unknown}
Potions
 b - 8 potions of curing {unknown}
 h - 3 potions of might
 m - a potion of mutation {unknown}
 r - 2 potions of haste
 t - a potion of flight {unknown}
 v - 2 potions of lignification {unknown}
 w - 5 potions of heal wounds {unknown}
 x - 2 potions of agility {unknown}
 C - a potion of brilliance {unknown}
Comestibles
 c - 7 rations


   Skills:
 + Level 0.4 Fighting
 + Level 4.3 Dodging
 + Level 3.9 Stealth
 + Level 10.2 Spellcasting
 + Level 7.5 Conjurations
 + Level 8.1 Fire Magic


You had 13 spell levels left.
You knew the following spells:

 Your Spells              Type           Power        Failure   Level  Hunger
a - Flame Tongue          Conj/Fire      #####        1%          1    None
b - Throw Flame           Conj/Fire      ######       1%          2    None
c - Conjure Flame         Conj/Fire      ######..     1%          3    None
d - Sticky Flame          Conj/Fire      ######..     1%          4    #......
e - Fireball              Conj/Fire      ######....   5%          5    ####...


Dungeon Overview and Level Annotations

Branches:
Dungeon (6/15)             Temple (0/1) D:4

Altars:
Ashenzari
Cheibriados
Hepliaklqana
Makhleb
Okawaru
Ru
Uskayaw
The Shining One

Annotations:
D:6 nikopol's ghost, novice DEFE


Message History

Confirm with . or Enter, or press ? or * to list all spells.
Aiming: Flame Tongue (safe; 1% risk of failure)
Press: ? - help, Shift-Dir - straight line, f/p - nikopol's ghost
Aim: nikopol's ghost, wielding a weapon of venom (severely damaged)
You feel a surge of power!
The flame tongue hits nikopol's ghost.
Nikopol's ghost is almost destroyed.
You feel very sick. Nikopol's ghost hits you.
You are more poisoned.
Okay, then.
You feel very sick.
Nikopol's ghost says, "I have plenty of time to study, now."
Nikopol's ghost points at you and mumbles some strange words.
The puff of flame hits you! You resist.
* * * LOW HITPOINT WARNING * * *
* * * LOW HITPOINT WARNING * * *
You feel very sick. Nikopol's ghost casts a spell at you.
The puff of flame hits you! You resist.
You die...

####.#.#....(.....#
#........#.#.......
#...........<.###.#
#..#.##............
#.#.##.#)##[.###..
#...W.###.#).#
##.#.##.# ##W.#
#....# #.# #†.#
#.@### ....... #..#
....... +..#
###..## .... ....
##..# #... ...#
.###


You could see nikopol's ghost.

Vanquished Creatures
  Pikel (D:5)
  Grinder (D:4)
  A hornet (D:6)
  Eustachio (D:4)
  Sigmund (D:4)
  3 slaves (D:5)
  2 phantoms
  4 ogres
  3 big kobolds (Sewer)
  A howler monkey (D:5)
  A jelly (D:5)
  3 orc wizards
  An iguana (D:4)
  3 worker ants
  A hound skeleton (D:4)
  Robin (D:4)
  15 gnolls
  15 adders
  10 river rats
  4 oozes
  3 worms
  3 dart slugs
  2 leopard geckos
  17 orcs
  5 giant cockroaches
  13 goblins
  10 hobgoblins
  8 jackals
  3 quokkas
  4 ball pythons (Sewer)
  11 bats
  6 frilled lizards
  20 kobolds
  A leopard gecko skeleton (D:5)
  28 rats
206 creatures vanquished.

Vanquished Creatures (others)
  A hobgoblin (D:4)
1 creature vanquished.

Grand Total: 207 creatures vanquished

Notes
Turn   | Place    | Note
-------+----------+-------------------------------------------
     0 | D:1      | nikopol the Deep Elf Fire Elementalist began the quest for the Orb.
     0 | D:1      | Reached XP level 1. HP: 10/10 MP: 6/6
   325 | D:1      | Reached XP level 2. HP: 15/15 MP: 6/8
   926 | D:2      | Reached XP level 3. HP: 19/19 MP: 6/10
  1155 | D:1      | Learned a level 2 spell: Throw Flame
  1159 | D:1      | Learned a level 3 spell: Conjure Flame
  1282 | D:2      | Reached skill level 4 in Spellcasting
  1374 | D:2      | Reached XP level 4. HP: 21/24 MP: 3/12
  2101 | D:3      | Reached XP level 5. HP: 14/28 MP: 5/14
  2110 | D:3      | Learned a level 4 spell: Sticky Flame
  2795 | D:4      | Noticed Sigmund
  2801 | D:4      | Killed Sigmund
  2801 | D:4      | Reached skill level 5 in Spellcasting
  2801 | D:4      | Reached XP level 6. HP: 32/32 MP: 7/16
  2877 | D:4      | Reached skill level 5 in Fire Magic
  2908 | D:4      | Found a glowing drain.
  2913 | Sewer    | Entered a sewer
  3628 | Sewer    | Learned a level 5 spell: Fireball
  3713 | Sewer    | Reached skill level 6 in Spellcasting
  3713 | Sewer    | Reached XP level 7. HP: 35/36 MP: 6/18
  4437 | D:4      | Noticed Eustachio
  4475 | D:4      | Noticed Grinder
  4476 | D:4      | Paralysed by Grinder for 3 turns
  4488 | D:4      | Killed Grinder
  4488 | D:4      | Reached skill level 7 in Spellcasting
  4488 | D:4      | Reached skill level 5 in Conjurations
  4595 | D:4      | Reached XP level 8. HP: 42/42 MP: 9/21
  4627 | D:4      | Noticed Robin
  4647 | D:4      | Killed Robin
  4970 | D:4      | Killed Eustachio
  5048 | D:4      | Found a staircase to the Ecumenical Temple.
  5069 | D:4      | Reached skill level 8 in Spellcasting
  5335 | D:5      | Entered Level 5 of the Dungeon
  5581 | D:5      | Found a sacrificial altar of Ru.
  5631 | D:5      | Found a glowing golden altar of the Shining One.
  5888 | D:5      | Noticed Pikel
  5953 | D:5      | Found a snail-covered altar of Cheibriados.
  6003 | D:5      | Killed Pikel
  6003 | D:5      | Reached skill level 9 in Spellcasting
  6003 | D:5      | Reached XP level 9. HP: 46/46 MP: 7/24
  6175 | D:5      | Found a burning altar of Makhleb.
  6176 | D:5      | Found a hide-covered altar of Uskayaw.
  6177 | D:5      | Found a shattered altar of Ashenzari.
  6178 | D:5      | Found a hazy altar of Hepliaklqana.
  6180 | D:5      | Found an iron altar of Okawaru.
  6302 | D:6      | Reached skill level 10 in Spellcasting
  6310 | D:6      | Noticed nikopol's ghost (novice DEFE)
  6455 | D:6      | Killed from afar by nikopol's ghost

Vault maps used:
D:1:      lordsloth_arrival_two_stooges
D:2:      minmay_pentomino_v2
D:4:      minmay_temple_entry_trees, lightli_sewer_entry_pipes, uniq_sigmund,
          uniq_grinder, uniq_eustachio, uniq_robin
D:5:      kennysheep_mini_moat, minitemple, lemuel_doored_altar, first_ration,
          uniq_pikel
D:6:      nicolae_dithmenos_through_a_glass_darkly, minmay_misc_feat_ornament,
          kennysheep_pointless_box
Sewer:    sewer_minmay_treatment

Skill      XL: |  1  2  3  4  5  6  7  8  9 |
---------------+----------------------------+-----
Dodging        | 3 4 |  4.3
Conjurations   | 2 3 4 5 7 |  7.5
Spellcasting   | 4 5 6 7 9 10 | 10.2
Fire Magic     | 4 5 6 7 8 |  8.1
Stealth        | 3 |  3.9
Fighting       | |  0.4

Action                   |  1- 3 |  4- 6 |  7- 9 || total
-------------------------+-------+-------+-------++-------
 Cast: Flame Tongue      |    81 |   124 |   199 ||   404
       Conjure Flame     |     1 |     4 |     2 ||     7
       Throw Flame       |       |     8 |    13 ||    21
       Sticky Flame      |       |       |    10 ||    10
       Fireball          |       |       |     3 ||     3
  Use: Scroll            |       |     1 |       ||     1
  Eat: Chunk             |     1 |     7 |     8 ||    16
Armor: Robe              |     4 |     1 |    11 ||    16
Dodge: Dodged            |    25 |    28 |    38 ||    91

Table legend:
 A = Spawn XP
 B = Non-spawn XP
 C = Spawn XP percentage of total XP
 D = Spawn monster count
 E = Non-spawn monster count
 F = Spawn count percentage of total count
 G = Total turns spent on level
                    A         B        C        D         E        F      G
               +---------+---------+-------+---------+---------+-------+---------
         Total |       0 |    3801 |   0.0 |       0 |     204 |   0.0 |  6455
               +---------+---------+-------+---------+---------+-------+---------
           D:1 |       0 |      33 |   0.0 |       0 |      19 |   0.0 |   911
           D:2 |       0 |     135 |   0.0 |       0 |      31 |   0.0 |  1102
           D:3 |       0 |     106 |   0.0 |       0 |      24 |   0.0 |   912
           D:4 |       0 |    1329 |   0.0 |       0 |      43 |   0.0 |  1105
           D:5 |       0 |    1234 |   0.0 |       0 |      33 |   0.0 |  1073
           D:6 |       0 |     517 |   0.0 |       0 |       6 |   0.0 |    47
         Sewer |       0 |     447 |   0.0 |       0 |      48 |   0.0 |  1305
               +---------+---------+-------+---------+---------+-------+---------
